 Dungeon Crawl Stone Soup version 0.27-a0-1529-g1e82c303ef (webtiles) character file.

Game seed: 17717481506130222555

141 hatdisgam the Vandal (level 5, 0/25 HPs)
             Began as a Spriggan Hunter on July 11, 2021.
             Succumbed to a scorpion's poison
             ... on level 5 of the Dungeon.
             The game lasted 00:05:26 (3906 turns).

hatdisgam the Vandal (Spriggan Hunter)              Turns: 3906, Time: 00:05:27

Health: 0/25       AC:  2    Str:  9    XL:     5   Next: 3%
Magic:  6/6        EV: 19    Int: 12    God:
Gold:   151        SH:  0    Dex: 16    Spells: 4/4 levels left

rFire    . . .     SeeInvis +   a - +1 hunting sling
rCold    . . .     Faith    .   (shield restricted)
rNeg     . . .     Spirit   .   c - +0 robe
rPois    .         Reflect  .   (helmet restricted)
rElec    .         Harm     .   (no cloak)
rCorr    .         Rampage  .   (gloves unavailable)
Will     .....                  (boots unavailable)
Stlth    ++........             (no amulet)
HPRegen  0.08/turn              (no ring)
MPRegen  0.10/turn              (no ring)

@: lethally poisoned (0 -> -5), very quick
A: very small, no large weapons, unfitting armour, see invisible, speed 3
a: no special abilities


You were on level 5 of the Dungeon.
You visited 1 branch of the dungeon, and saw 4 of its levels.

You collected 151 gold pieces.

Inventory:

Hand Weapons
 a - a +1 hunting sling (weapon)
 b - a +0 short sword
Missiles
 d - 47 sling bullets (quivered ammo)
 h - 77 stones
Armour
 c - a +0 robe (worn)
Scrolls
 f - 5 scrolls of identify {unknown}
 i - a scroll of amnesia {unknown}
 k - a scroll of fog {unknown}
 l - a scroll of fear {unknown}
Potions
 e - a potion of haste {unknown}
 g - 3 potions of curing {unknown}
 j - a potion of mutation {unknown}


   Skills:
 - Level 1.5 Fighting
 * Level 6.9 Slings
 + Level 4.5 Dodging
 - Level 1.5 Stealth


You had 4 spell levels left.
You didn't know any spells.
Your spell library contained the following spells:

 Spells                   Type           Power      Damage    Failure   Level
 Static Discharge         Conj/Air       0%         N/A       45%         2
 Dispel Undead            Necr           0%         3d6       97%         4
 Sticky Flame             Conj/Fire      0%         2d3       97%         4


Dungeon Overview and Level Annotations

Branches:
Dungeon (3/15)

Altars:
Kikubaaqudgha
Yredelemnul
The Shining One


Innate Abilities, Weirdness & Mutations

You are very small and have problems with some larger weapons.
You are too small for most types of armour.
You have supernaturally acute eyesight. (SInv)
You cover ground extremely quickly. (Speed+++)


Message History

The scorpion is severely wounded.
The scorpion stings you!
Fire: 52 sling bullets
Press: ? - help, Q - select action, (/) - cycle Shift-Dir - straight line, f/p - scorpion
Aim: a scorpion (severely wounded, 64% to hit)
You shoot a sling bullet.
The sling bullet closely misses the scorpion.
The scorpion stings you.
You are poisoned.
The scorpion poisons you!
Unknown command.
Fire: 51 sling bullets
Press: ? - help, Q - select action, (/) - cycle Shift-Dir - straight line, f/p - scorpion
Aim: a scorpion (severely wounded, 64% to hit)
You shoot a sling bullet.
The sling bullet hits the scorpion but does no damage.
The scorpion is severely wounded.
You feel sick. The scorpion closely misses you.
Unknown command.
Fire: 50 sling bullets
Press: ? - help, Q - select action, (/) - cycle Shift-Dir - straight line, f/p - scorpion
Aim: a scorpion (severely wounded, 64% to hit)
You shoot a sling bullet.
The sling bullet barely misses the scorpion.
You feel sick. The scorpion stings you.
Unknown command.
Fire: 49 sling bullets
Press: ? - help, Q - select action, (/) - cycle Shift-Dir - straight line, f/p - scorpion
Aim: a scorpion (severely wounded, 64% to hit)
You shoot a sling bullet. The sling bullet hits the scorpion.
The scorpion is almost dead.
You feel sick. The scorpion stings you!
* * * LOW HITPOINT WARNING * * *
Unknown command.
Fire: 48 sling bullets
Press: ? - help, Q - select action, (/) - cycle Shift-Dir - straight line, f/p - scorpion
Aim: a scorpion (almost dead, 64% to hit)
You shoot a sling bullet.
The sling bullet barely misses the scorpion.
You die... ###.########## (..((>s@.....# ###.########.#

You could see a scorpion.

Vanquished Creatures
  An orc priest (D:3)
  3 adders (D:2)
  6 worms
  2 orcs (D:3)
  4 bats
  4 endoplasms
  4 giant cockroaches
  5 goblins
  6 hobgoblins
  6 jackals (D:2)
  2 quokkas
  8 ball pythons
  2 frilled lizards
  5 kobolds
  7 rats
65 creatures vanquished.

Notes
Turn   | Place    | Note
-------+----------+-------------------------------------------
     0 | D:1      | hatdisgam the Spriggan Hunter began the quest for the Orb.
     0 | D:1      | Reached XP level 1. HP: 10/10 MP: 2/2
   114 | D:1      | Reached skill level 5 in Slings
   467 | D:1      | Reached XP level 2. HP: 10/14 MP: 3/3
  1672 | D:2      | Reached XP level 3. HP: 11/18 MP: 4/4
  1934 | D:2      | Reached skill level 6 in Slings
  2391 | D:2      | Reached XP level 4. HP: 22/22 MP: 5/5
  3663 | D:3      | Found a basalt altar of Yredelemnul.
  3820 | D:3      | Reached XP level 5. HP: 23/25 MP: 6/6
  3890 | D:3      | Found a glowing golden altar of the Shining One.
  3892 | D:3      | Found an ancient bone altar of Kikubaaqudgha.
  3893 | D:3      | You fall into a shaft and drop 2 floors!
  3893 | D:5      | Entered Level 5 of the Dungeon
  3905 | D:5      | HP: 1/25 [scorpion (8)]
  3906 | D:5      | Succumbed to a scorpion's poison

Illustrated notes

Levels and vault maps discovered:
D:1:      scummos_arrival_hexagon, layout_loops_corners, amethyst_killhole
D:2:      layout_basic, minmay_divided_ellipse
D:3:      layout_basic, marbit_many_paths, minitemple
D:5:      layout_loops_ring, old_standard_altar, kennysheep_cross_room,
          lexackson_kobold_supper

Skill      XL: |  1  2  3  4 |
---------------+-------------+-----
Slings         | 5 6 |  6.9
Dodging        | 3 4 |  4.5
Fighting       | |  1.5
Stealth        | |  1.5

Action                   |  1- 3 |  4- 6 || total
-------------------------+-------+-------++-------
Melee: Short sword       |    89 |       ||    89
 Fire: Hunting sling     |   117 |   115 ||   232
 Stab: Sleeping          |     5 |       ||     5
Armor: Robe              |    16 |     1 ||    17
Dodge: Dodged            |    83 |    21 ||   104

Table legend: (Time is in decaauts)
 A = Elapsed time spent in this place.
 B = Non-inter-level travel time spent in this place.
 C = Inter-level travel time spent in this place.
 D = Time resting spent in this place.
 E = Time spent auto-exploring this place.
 F = Levels seen in this place.
 G = Mean time per level.
                   A        B        C        D        E       F      G
               +--------+--------+--------+--------+--------+-----+--------+
         Total |   3005 |   2978 |     27 |      0 |   2526 |   4 |  751.2 |
       Dungeon |   3005 |   2978 |     27 |      0 |   2526 |   4 |  751.2 |
               +--------+--------+--------+--------+--------+-----+--------+

Top non-repeatable levels by time:
     D:2: 1281 daAuts
     D:1: 1121 daAuts
     D:3: 590 daAuts
     D:5: 10 daAuts
